 Dungeon Crawl Stone Soup version 0.32-a0-886-g41c5271027 (webtiles) character file.

Game seed: 6386482804391042588

5986 petete the Geomancer (level 10, -3/74 HPs)
             Began as a Vampire Earth Elementalist on Apr 2, 2024.
             Was a Believer of Vehumet.
             Slain by a komodo dragon (23 damage)
             ... on level 9 of the Dungeon.
             The game lasted 00:40:35 (9051 turns).

petete the Geomancer (Vampire Earth Elementalist)   Turns: 9051, Time: 00:40:36

Health: -3/74      AC:  8    Str:  7    XL:     10   Next: 55%
Magic:  2/17       EV: 12    Int: 23    God:    Vehumet [**....]
Gold:   421        SH:  0    Dex: 14    Spells: 8/19 levels left

rFire   . . .        a - +4 rapier (freeze)
rCold   . . .        (no shield)
rNeg    . . .        N - +0 steam dragon scales
rPois   .            I - +0 helmet
rElec   .            H - +0 cloak
rCorr   +            q - +0 pair of gloves
SInv    +            (no boots)
Will    +....        (no amulet)
Stlth   +++          L - ring of resist corrosion
HPRegen 0.52/turn    (no ring)
MPRegen 0.15/turn

%: no passive effects
@: healing quickly
A: alive, fangs 3, see invisible, vampiric 2
a: Exsanguinate, Renounce Religion


You were on level 9 of the Dungeon.
You worshipped Vehumet.
Vehumet was pleased with you.
You visited 2 branches of the dungeon, and saw 10 of its levels.

You collected 421 gold pieces.

Inventory:

Hand Weapons
 a - a +4 rapier of freezing (weapon)
 b - a +2 dagger of holy wrath
 F - a +1 rapier of venom
 J - a +5 falchion
Missiles
 c - 35 poisoned darts
 p - 4 datura-tipped darts
Armour
 q - a +0 pair of gloves (worn)
 D - a scarf of shadows
 H - a +0 cloak (worn)
 I - a +0 helmet (worn)
 K - a +3 scale mail
 N - +0 steam dragon scales (worn)
Magical Staves
 o - a staff of cold
Jewellery
 L - a ring of resist corrosion (left hand)
Talismans
 i - a maw talisman
 z - a beast talisman
Wands
 u - a wand of flame (39)
 v - a wand of polymorph (8)
 E - a wand of charming (7)
Scrolls
 f - 3 scrolls of enchant armour {unknown}
 g - 2 scrolls of immolation {unknown}
 h - 4 scrolls of poison {unknown}
 l - 2 scrolls of enchant weapon {unknown}
 m - a scroll of torment
 x - a scroll of fog {unknown}
 y - 2 scrolls of teleportation
 A - a scroll of fear {unknown}
 B - a scroll of acquirement {unknown}
 G - a scroll of revelation {unknown}
 O - 2 scrolls of amnesia {unknown}
Potions
 d - a potion of lignification
 e - 3 potions of resistance
 j - a potion of ambrosia
 k - 5 potions of brilliance
 n - a potion of enlightenment
 r - a potion of magic
 s - 2 potions of might
 t - 6 potions of curing {unknown}
 w - a potion of cancellation
 M - a potion of attraction


   Skills:
 - Level 5.0 Fighting
 + Level 6.3 Short Blades
 - Level 3.0 Dodging
 - Level 7.0 Stealth
 - Level 5.0 Spellcasting
 - Level 3.0 Conjurations
 - Level 10.0 Earth Magic
 + Level 6.5 Alchemy


You had 8 spell levels left.
You knew the following spells:

 Your Spells              Type           Power      Damage    Failure   Level
a - Sandblast             Erth           100%       2d20      1%          1
b - Passwall              Erth           51%        N/A       1%          3
c - Stone Arrow           Conj/Erth      70%        3d11      1%          3
d - Petrify               Alch/Erth      43%        N/A       3%          4

Your spell library contained the following spells:

 Spells                   Type           Power      Damage    Failure   Level
 Frozen Ramparts          Ice            10%        1d2       28%         3
 Kiss of Death            Conj/Necr      48%        2d9       4%          1
 Brom's Barrelling Bould  Conj/Erth      35%        2d5       6%          4
 Call Canine Familiar     Summ           5%         N/A       28%         3
 Confusing Touch          Hex            5%         N/A       28%         3
 Fugue of the Fallen      Necr           5%         N/A       28%         3
 Ozocubu's Armour         Ice            5%         N/A       28%         3
 Sigil of Binding         Hex            5%         N/A       28%         3
 Anguish                  Hex/Necr       2%         N/A       67%         4
 Cause Fear               Hex            2%         N/A       67%         4
 Dimensional Bullseye     Hex/Tloc       2%         N/A       67%         4
 Dispel Undead            Necr           5%         3d7       67%         4
 Enfeeble                 Hex            2%         N/A       100%        7
 Manifold Assault         Tloc           2%         N/A       100%        7


Dungeon Overview and Level Annotations

Branches:
Dungeon (9/15)             Temple (1/1) D:6            Lair (0/5) D:9
    Orc: D:9-12

Altars:
Ashenzari
Cheibriados
Dithmenos
Fedhas
Gozag
Hepliaklqana
Kikubaaqudgha
Okawaru
Sif Muna
Trog
Vehumet
Wu Jian
Xom
Yredelemnul

Shops:
D:2 !:!((


Innate Abilities, Weirdness & Mutations

Your natural rate of healing is accelerated.
You have razor-sharp teeth.
You have supernaturally acute eyesight. (SInv)
You are afflicted with vampirism and can become a bat while bloodless.


Message History

The blink frog resists with some effort.
The bullfrog resists with significant effort.
The komodo dragon barely misses you.
Unknown command.
Casting: Petrify (dangerous; 3% risk of failure)
Confirm with . or Enter, or press ? or * to list all spells.
Aiming: Petrify (dangerous; 3% risk of failure)
Press: ? - help, Shift-Dir - straight line, f/p - komodo dragon
Aim: a komodo dragon (chance to affect: 50%)
The komodo dragon resists with some effort.
The blink frog resists with some effort.
The komodo dragon closely misses you.
The blink frog blinks!
Unknown command.
Casting: Petrify (dangerous; 3% risk of failure)
Confirm with . or Enter, or press ? or * to list all spells.
Aiming: Petrify (dangerous; 3% risk of failure)
Press: ? - help, Shift-Dir - straight line, f/p - komodo dragon
Aim: a komodo dragon (chance to affect: 50%)
The komodo dragon is moving more slowly.
The blink frog resists with some effort.
The komodo dragon bites you!!
An iguana comes into view.
You hear a loud, deep croak!
The iguana hisses angrily.
You hit the komodo dragon but do no damage.
You bite the komodo dragon.
The komodo dragon is lightly wounded.
You hear a croak.
The komodo dragon bites you but does no damage.
You hear an angry hiss.
You hit the komodo dragon.
The komodo dragon seems to slow down.
You freeze the komodo dragon.
You bite the komodo dragon, but do no damage.
The komodo dragon is lightly wounded.
The komodo dragon bites you!!
* * * LOW HITPOINT WARNING * * *
You hit the komodo dragon but do no damage.
You bite the komodo dragon, but do no damage.
The komodo dragon is lightly wounded.
The komodo dragon bites you!!
You die...

.#....# '..... #...l#
#..#....# #..#....#
#..#....#
#####..#....# .
........# #@# ...
#........###l#....>
.............FF..F...
...................##
##
#.....~..##.........
.
+........###......F.
#........# #.#......
#........# #.##...#.
####........# #.#
#...


You could see a komodo dragon (petrifying, slow), a blink frog, a bullfrog
(petrified) and an iguana.

Vanquished Creatures
  Pikel (D:5)
  A troll (D:9)
  Prince Ribbit (D:6)
  4 yaks (D:9)
  Eustachio (D:6)
  A steam dragon (D:8)
  Edmund (D:6)
  An acid dragon (D:7)
  Duvessa (D:7)
  2 orc warriors (D:9)
  2 ice beasts
  4 ogres
  2 centaurs (D:7)
  2 kobold brigands (D:8)
  4 lemures
  2 phantoms
  2 bullfrogs (D:7)
  A gnoll sergeant (D:7)
  6 scorpions
  21 wights
  Dowan (D:7)
  3 killer bees (D:8)
  2 howler monkeys
  2 bombardier beetles
  4 hounds
  7 orc priests
  2 jellies
  Crazy Yiuf (D:7)
  A sleepcap (D:8)
  3 iguanas
  3 orc wizards
  6 gnolls
  7 adders
  A shadow imp (D:6)
  5 white imps
  6 ufetubi
  3 dart slugs
  2 ribbon worms (D:2)
  17 orcs
  4 endoplasms
  4 giant cockroaches
  6 hobgoblins
  3 jackals (D:2)
  3 quokkas
  6 ball pythons
  5 bats
  3 frilled lizards
  6 goblins
  7 kobolds
  5 rats
188 creatures vanquished.

Vanquished Creatures (others)
  A wight (D:8)
  An orc wizard (D:9)
2 creatures vanquished.

Grand Total: 190 creatures vanquished

Notes
Turn   | Place    | Note
-------+----------+-------------------------------------------
     0 | D:1      | petete the Vampire Earth Elementalist began the quest for
                  | the Orb.
     0 | D:1      | Reached XP level 1. HP: 13/13 MP: 3/3
   407 | D:1      | Reached XP level 2. HP: 19/19 MP: 1/5
  1383 | D:2      | Gained mutation: You are afflicted with vampirism and can
                  | become a bat while bloodless. [Vampire growth]
  1383 | D:2      | Reached XP level 3. HP: 23/24 MP: 2/7
  1387 | D:2      | Learned a level 3 spell: Passwall
  1391 | D:2      | Learned a level 3 spell: Stone Arrow
  1462 | D:2      | Found Izymm's Distillery.
  1509 | D:2      | Found Itteirph's Book Boutique.
  1517 | D:2      | Found Wacozaiq's Distillery.
  1665 | D:2      | Found Fanguah's Antique Weapon Boutique.
  1880 | D:2      | Found Eximoenu's Antique Weapon Emporium.
  2380 | D:3      | Reached skill level 1 in Conjurations
  2380 | D:3      | Reached skill level 4 in Earth Magic
  2380 | D:3      | Reached XP level 4. HP: 22/30 MP: 1/8
  2921 | D:3      | Found an ancient bone altar of Kikubaaqudgha.
  3064 | D:4      | Noticed an ogre
  3070 | D:4      | Killed an ogre
  3071 | D:4      | Reached XP level 5. HP: 15/35 MP: 5/10
  3139 | D:4      | Reached skill level 5 in Earth Magic
  3154 | D:4      | Learned a level 4 spell: Petrify
  3227 | D:4      | Reached XP level 6. HP: 35/41 MP: 9/12
  3229 | D:4      | You fall into a shaft and drop 2 floors!
  3266 | D:6      | Reached skill level 1 in Alchemy
  3386 | D:5      | Entered Level 5 of the Dungeon
  3392 | D:5      | Noticed Pikel
  3566 | D:6      | Noticed Eustachio
  3567 | D:6      | Noticed Edmund
  3646 | D:4      | Reached skill level 6 in Earth Magic
  3646 | D:4      | Reached XP level 7. HP: 22/46 MP: 9/13
  4135 | D:4      | Reached skill level 5 in Alchemy
  4221 | D:4      | Reached skill level 1 in Short Blades
  4221 | D:4      | Reached XP level 8. HP: 52/52 MP: 11/14
  4503 | D:5      | Killed Pikel
  4504 | D:5      | Reached skill level 7 in Earth Magic
  5016 | D:5      | Reached skill level 8 in Earth Magic
  5143 | D:5      | Found a radiant altar of Vehumet.
  5143 | D:5      | Found a broken altar of Ashenzari.
  5150 | D:5      | Became a worshipper of Vehumet
  5625 | D:5      | Reached XP level 9. HP: 61/63 MP: 11/15
  5662 | D:6      | Noticed Prince Ribbit
  5667 | D:6      | Killed Prince Ribbit
  5696 | D:6      | Found a staircase to the Ecumenical Temple.
  5704 | Temple   | Entered the Ecumenical Temple
  5728 | D:6      | Killed Eustachio
  5729 | D:6      | Reached skill level 9 in Earth Magic
  5866 | D:6      | Killed Edmund
  5867 | D:6      | Reached skill level 5 in Stealth
  6431 | D:7      | Reached skill level 5 in Short Blades
  6479 | D:7      | Found a hazy altar of Hepliaklqana.
  6632 | D:7      | Found a runed translucent door.
  6633 | D:7      | Noticed Crazy Yiuf
  6640 | D:7      | Killed Crazy Yiuf
  6707 | D:7      | Reached * piety under Vehumet
  6707 | D:7      | Offered knowledge of Sting by Vehumet.
  7077 | D:7      | Noticed Dowan
  7081 | D:7      | Noticed Duvessa
  7281 | D:7      | Killed Duvessa
  7282 | D:7      | Killed Dowan
  7538 | D:8      | Reached XP level 10. HP: 69/71 MP: 12/16
  7851 | D:8      | Offered knowledge of Scorch by Vehumet.
  7853 | D:8      | Reached ** piety under Vehumet
  8295 | D:8      | Reached skill level 10 in Earth Magic
  8472 | D:8      | Noticed a cyan ugly thing
  8472 | D:8      | Noticed a centaur warrior
  8473 | D:8      | Noticed a centaur warrior
  8803 | D:9      | Reached skill level 5 in Spellcasting
  8958 | D:9      | Found a basalt altar of Yredelemnul.
  8988 | D:9      | Reached skill level 5 in Fighting
  9003 | D:9      | Offered knowledge of Frozen Ramparts by Vehumet.
  9037 | D:9      | Found a staircase to the Lair.
  9051 | D:9      | Slain by a komodo dragon

Illustrated notes

Levels and vault maps discovered:
D:1:      lightli_arrival_flooded_house, layout_basic
D:2:      layout_basic, serial_shops, nicolae_shop_pleasant_corner_grove, shop,
          nicolae_shop_advertising_works [nicolae_subvault_shop_adworks], shop,
          nicolae_shop_just_a_little_nook
D:3:      layout_basic, lemuel_doored_altar
D:4:      layout_basic, minmay_three_crescents
D:5:      layout_loops_corners, gammafunk_temple_overflow_claw,
          serial_library_hellmonk_hallway_a, uniq_pikel
D:6:      layout_cave_pools, minmay_temple_entry_sparse_star, uniq_edmund,
          uniq_prince_ribbit1, uniq_eustachio
D:7:      layout_basic, nzn_hepliaklqana_mist_gate, uniq_duvessa,
          uniq_crazy_yiuf_cottage
D:8:      layout_loops_cross, mainiacjoe_overflow_six_doors_small,
          onia_ninara_dug_in_and_dangerous
D:9:      layout_basic, nemelex_xobeh_ov_fountains_minmay, marbit_many_paths,
          gammafunk_temple_overflow_statue, dpeg_lair_monsters,
          grunt_ministairs_4
Temple:   nicolae_temple_two_arcs

Skill      XL: |  1  2  3  4  5  6  7  8  9 10 |
---------------+-------------------------------+-----
Spellcasting   | 3 4 5 |  5.0
Conjurations   | 1 2 3 |  3.0
Earth Magic    | 4 5 6 8 9 10 | 10.0
Alchemy        | 3 5 6 |  6.5
Short Blades   | 1 3 5 6 |  6.3
Fighting       | 3 4 5 |  5.0
Stealth        | 4 6 7 |  7.0
Dodging        | 3 |  3.0

Action                     |  1- 3 |  4- 6 |  7- 9 | 10-12 || total
---------------------------+-------+-------+-------+-------++-------
  Melee: Rapier            |       |    25 |   119 |    89 ||   233
         Bite              |       |     1 |    21 |    21 ||    43
   Cast: Sandblast         |    53 |    58 |    87 |    20 ||   218
         Stone Arrow       |       |     1 |       |       ||     1
         Petrify           |       |       |    28 |    29 ||    57
  Evoke: Wand              |       |       |     2 |     2 ||     4
    Use: Scroll            |       |       |     6 |     4 ||    10
   Stab: Petrified         |       |       |    45 |    26 ||    71
         Petrifying        |       |       |     7 |     8 ||    15
         Sleeping          |       |       |     5 |     2 ||     7
 Armour: Robe              |     5 |    40 |    57 |     5 ||   107
         Steam dragon scal |       |       |       |    44 ||    44
  Dodge: Dodged            |     4 |    40 |    60 |    36 ||   140

Table legend: (Time is in decaauts)
 A = Elapsed time spent in this place.
 B = Non-inter-level travel time spent in this place.
 C = Inter-level travel time spent in this place.
 D = Time resting spent in this place.
 E = Time spent auto-exploring this place.
 F = Levels seen in this place.
 G = Mean time per level.
                   A        B        C        D        E       F      G
               +--------+--------+--------+--------+--------+-----+--------+
         Total |   9163 |   8865 |    298 |    660 |   6571 |  10 |  916.3 |
       Dungeon |   9064 |   8766 |    298 |    565 |   6571 |   9 | 1007.1 |
        Temple |     99 |     99 |      0 |     95 |      0 |   1 |   99.0 |
               +--------+--------+--------+--------+--------+-----+--------+

Top non-repeatable levels by time:
     D:5: 1212 daAuts
     D:8: 1208 daAuts
     D:2: 1154 daAuts
     D:7: 1140 daAuts
     D:6: 1116 daAuts
     D:4: 1010 daAuts
     D:1: 962 daAuts
     D:3: 938 daAuts
     D:9: 321 daAuts
  Temple: 99 daAuts
